 Dungeon Crawl Stone Soup version 0.29.1-15-g9cfb28693d (webtiles) character file.

Game seed: 7847286663244851845

391 wingedge the Chiller (level 6, 0/48 HPs)
             Began as a Demigod Wanderer on Apr 15, 2023.
             Slain by a phantom (5 damage)
             ... on level 4 of the Dungeon.
             The game lasted 00:13:58 (4465 turns).

wingedge the Chiller (Demigod Wanderer)             Turns: 4465, Time: 00:13:58

Health: 0/48       AC:  5    Str: 12    XL:     6   Next: 25%
Magic:  1/14       EV: 11    Int: 26    God:
Gold:   224        SH:  0    Dex: 10    Spells: 3/11 levels left

rFire   . . .      SeeInvis .   b - +0 long sword
rCold   . . .      Faith    .   (no shield)
rNeg    . . .      Spirit   .   q - +0 robe
rPois   .          Reflect  .   (no helmet)
rElec   .          Harm     .   n - +0 cloak {Will+}
rCorr   .          Rampage  .   r - +0 pair of gloves
Will    +....                   w - +0 pair of boots
Stlth   +.........              (no amulet)
HPRegen 0.16/turn               (no ring)
MPRegen 0.14/turn               (no ring)

@: about to teleport
A: high MP 1, forlorn, divine attributes
a: no special abilities


You were on level 4 of the Dungeon.
You visited 1 branch of the dungeon, and saw 4 of its levels.

You collected 224 gold pieces.

Inventory:

Hand Weapons
 a - a +0 trident
 b - a +0 long sword (weapon)
 c - a +0 vampiric dagger
Missiles
 i - 5 atropa-tipped darts
 k - 23 poisoned darts (quivered)
 o - 2 throwing nets
Armour
 h - a +0 ring mail
 n - a +0 cloak of willpower (worn)
 q - a +0 robe (worn)
 r - a +0 pair of gloves (worn)
 w - a +0 pair of boots (worn)
Magical Staves
 d - a staff of death
Scrolls
 e - 4 scrolls of identify {unknown}
 l - 2 scrolls of teleportation
 x - a scroll of enchant weapon {unknown}
Potions
 f - 3 potions of heal wounds {unknown}
 g - a potion of brilliance {unknown}
 j - 2 potions of lignification {unknown}
 m - a potion of invisibility {unknown}
 p - 3 potions of curing
 s - 2 potions of attraction {unknown}
 t - a potion of ambrosia {unknown}
 u - a potion of degeneration {unknown}
 v - 2 potions of flight {unknown}


   Skills:
 - Level 2.0 Fighting
 - Level 3.0 Throwing
 + Level 3.2 Spellcasting
 - Level 1.0 Conjurations
 - Level 4.0 Ice Magic
 - Level 3.0 Air Magic
 - Level 1.0 Poison Magic
 - Level 1.0 Evocations


You had 3 spell levels left.
You knew the following spells:

 Your Spells              Type           Power      Damage    Failure   Level
a - Freeze                Ice            100%       1d11      1%          1
b - Shock                 Conj/Air       56%        1d6       4%          1
c - Frozen Ramparts       Ice            50%        1d8       5%          3
d - Mephitic Cloud        Conj/Pois/Air  12%        N/A       14%         3

Your spell library contained the following spells:

 Spells                   Type           Power      Damage    Failure   Level
 Swiftness                Air            19%        N/A       9%          3
 Beastly Appendage        Tmut           8%         N/A       10%         1
 Sublimation of Blood     Necr           4%         N/A       14%         2
 Wereblood                Tmut           4%         N/A       14%         2
 Spider Form              Tmut/Pois      6%         N/A       22%         3
 Summon Hydra             Summ           2%         N/A       100%        7


Dungeon Overview and Level Annotations

Branches:
Dungeon (4/15)
 Temple: D:4-7


Innate Abilities, Weirdness & Mutations

You have an increased reservoir of magic. (+10% MP)
You shall have no god before yourself.
Your divine heritage dramatically boosts your attributes as you level up.


Message History

The phantom is heavily damaged.
The phantom hits you.
The phantom blinks!
You blink.
The phantom hits you but does no damage.
You hit the phantom.
The phantom is heavily damaged.
The phantom hits you.
The phantom blinks!
You blink.
You closely miss the phantom.
The phantom is heavily damaged.
The phantom hits you but does no damage.
You barely miss the phantom.
The phantom is heavily damaged.
The phantom hits you but does no damage. x2
You completely miss the phantom.
The phantom is heavily damaged.
The phantom hits you!
* * * LOW HITPOINT WARNING * * *
Your magical contamination has completely faded away.
Casting: Shock (safe; 4% risk of failure)
Confirm with . or Enter, or press ? or * to list all spells.
Aiming: Freeze (safe; 1% risk of failure)
Press: ? - help, Shift-Dir - straight line, f/p - phantom
Aim: a phantom (heavily damaged)
You freeze the phantom but do no damage.
The phantom completely resists.
The phantom hits you.
* * * LOW HITPOINT WARNING * * *
You barely miss the phantom.
The phantom is heavily damaged.
The phantom hits you!
* * * LOW HITPOINT WARNING * * *
The phantom blinks!
You blink.
As you read the scroll labelled ZIRAIR JUSIO, it crumbles to dust.
You feel strangely unstable.
It was a scroll of teleportation.
The phantom misses you.
b - a +0 long sword (weapon)
The phantom hits you.
* * * LOW HITPOINT WARNING * * *
You slash the phantom!
The phantom is almost destroyed.
The phantom hits you.
You die...

#.# #...... ### #.#
#..... ### ..# #.#
..... ..#### ##.# #.#
.... #.#.. ....# #.#
#.# #.#.# .# #.# #.#
.# #>#.####.# #.# #.#
#.†......# #.######§#
#.....### #...@W...#
........# #.#########
#.....#.# ##.## ...
##...##.####.#.###...#
##.###.(.).###......#
#.# ######.#.###...#
#.#########.## ##
#...........#
#############


You could see a phantom.

Vanquished Creatures
  An ogre (D:4)
  A scorpion (D:2)
  A jelly (D:4)
  A hound (D:4)
  Crazy Yiuf (D:2)
  6 gnolls
  4 adders
  2 dart slugs
  5 endoplasms
  A giant cockroach (D:3)
  4 goblins
  3 hobgoblins (D:1)
  7 jackals
  5 quokkas
  4 ball pythons
  3 bats
  6 frilled lizards
  8 kobolds
  6 rats
69 creatures vanquished.

Vanquished Creatures (others)
  3 fungi (D:2)
3 creatures vanquished.

Grand Total: 72 creatures vanquished

Notes
Turn   | Place    | Note
-------+----------+-------------------------------------------
     0 | D:1      | wingedge the Demigod Wanderer began the quest for the Orb.
     0 | D:1      | wingedge set off with the following items: a +0 dagger, 13
                  | poisoned darts, a potion of curing, a +0 robe; and the
                  | following spells available to memorise: Freeze, Shock,
                  | Swiftness, Frozen Ramparts, Mephitic Cloud.
     0 | D:1      | Reached XP level 1. HP: 14/14 MP: 4/4
     2 | D:1      | Learned a level 1 spell: Freeze
     4 | D:1      | Learned a level 1 spell: Shock
   195 | D:1      | Reached skill level 2 in Ice Magic
   450 | D:1      | Reached XP level 2. HP: 20/20 MP: 0/5
  1674 | D:2      | Noticed a scorpion
  1686 | D:2      | Killed a scorpion
  1687 | D:2      | Reached skill level 3 in Ice Magic
  1687 | D:2      | Reached XP level 3. HP: 26/26 MP: 0/8
  1687 | D:2      | Reached XP level 4. HP: 33/33 MP: 0/9
  1823 | D:2      | Learned a level 3 spell: Frozen Ramparts
  2168 | D:2      | Reached skill level 1 in Fighting
  2313 | D:2      | Found a runed translucent door.
  2314 | D:2      | Noticed Crazy Yiuf
  2327 | D:2      | Killed Crazy Yiuf
  2873 | D:3      | Reached XP level 5. HP: 34/40 MP: 8/10
  3819 | D:4      | Reached skill level 4 in Ice Magic
  4022 | D:4      | Learned a level 3 spell: Mephitic Cloud
  4029 | D:4      | Noticed an ogre
  4038 | D:4      | Killed an ogre
  4039 | D:4      | Reached XP level 6. HP: 48/48 MP: 5/13
  4191 | D:4      | Reached skill level 1 in Conjurations
  4191 | D:4      | Reached skill level 1 in Poison Magic
  4465 | D:4      | Slain by a phantom

Illustrated notes

Levels and vault maps discovered:
D:1:      dpeg_arrival_rhombus, layout_basic, minmay_misc_feat_five
D:2:      layout_rooms, shapermc_ecumenical_altar_mp_vishouse,
          uniq_crazy_yiuf_cottage
D:3:      layout_loops_cross, tso_metal_star, nicolae_sif_muna_condensation,
          st_stairs_11, dreamdust_wishing_well, nrook_uturn,
          minmay_misc_feat_ornament, kennysheep_generic_room_11
D:4:      layout_loops_ring

Skill      XL: |  1  2  3  4  5  6 |
---------------+-------------------+-----
Ice Magic      | 2 3 4 |  4.0
Throwing       | 3 |  3.0
Air Magic      | 3 |  3.0
Spellcasting   | 2 3 |  3.2
Fighting       | 1 2 |  2.0
Conjurations   | 1 |  1.0
Poison Magic   | 1 |  1.0
Evocations     | |  1.0

Action                   |  1- 3 |  4- 6 || total
-------------------------+-------+-------++-------
Melee: Trident           |    14 |    30 ||    44
       Long sword        |       |     1 ||     1
Throw: Dart              |     5 |    11 ||    16
       Throwing net      |       |     1 ||     1
 Cast: Freeze            |    36 |    33 ||    69
       Shock             |    20 |    60 ||    80
       Frozen Ramparts   |       |     5 ||     5
       Mephitic Cloud    |       |     1 ||     1
  Use: Potion            |     1 |       ||     1
       Scroll            |       |     1 ||     1
 Stab: Held in net/web   |       |     1 ||     1
Armor: Robe              |     5 |    11 ||    16
Dodge: Dodged            |    26 |    21 ||    47
